[Event "Live Chess"]
[Site "Chess.com"]
[Date "2023.05.21"]
[Round "-"]
[White "raminguy"]
[Black "LL220284LL"]
[Result "0-1"]
[WhiteElo "1950"]
[BlackElo "2328"]
[TimeControl "300"]
[EndTime "4:54:15 PDT"]
[Termination "LL220284LL won by resignation"]

1. d4 Nf6 2. Nc3 d5 3. Bf4 c5 4.
e4 Nxe4 5. Nb5 Na6 6. f3 Nf6 7.
dxc5 e6 8. b4 Be7 9. a3 O-O 10.
Bd3 Nd7 11. Nh3 Bf6 12. Rb1 e5 13. Bg3 e4 14. fxe4 dxe4 15. Bc4 Ne5 16. Bxe5 Bxe5 17.
Qxd8 Rxd8 18. O-O Bxh3 19. Bxf7+ Kh8 20. gxh3 Rd2 21. Rf2 Rxf2 22. Kxf2 Rf8 23. Rf1 Rxf7+ 24. Ke2 Rxf1 25. Kxf1 Bb8 26. c4 Nc7 27. Nc3 Ne6 28.
Nxe4 Bxh2 29. Nd6 Bxd6 30. cxd6 Kg8 31. c5 Kf7 32. Ke2 Ke8 33. Ke3 Kd7 34. Ke4 b6 35. Kd5 bxc5 36. bxc5 Nd8 37. a4 g5 38. a5 a6 39. Kc4 Nc6 40. Kd5 Nxa5 41. Kd4 h5 42.
Kd5 g4 0-1

[Event "Live Chess"]
[Site "Chess.com"]
[Date "2023.05.21"]
[Round "-"]
[White "viktorskliarov"]
[Black "luckywookie"]
[Result "1-0"]
[WhiteElo "2656"]
[BlackElo "771"]
[TimeControl "300"]
[EndTime "4:54:36 PDT"]
[Termination "viktorskliarov won by checkmate"]

1. e4 c6 2. d4 d5 3. e5 e6 4. Nf3 Nd7 5. Bd3 Ne7 6. O-O c5 7. c3 c4 8. Bc2 Nf5 9. Nbd2 Be7 10.
Re1 O-O 11. Nf1 h6 12. Ng3 Nxg3 13. hxg3 Bg5 14. Nxg5 hxg5 15. Qh5 g6 16. Qh6 f6 17. Qxg6+ Kh8 18. Qh7# 1-0

[Event "Live Chess"]
[Site "Chess.com"]
[Date "2023.05.21"]
[Round "-"]
[White "RockTroll"]
[Black "Crowded_House"]
[Result "1-0"]
[WhiteElo "2237"]
[BlackElo "1631"]
[TimeControl "300"]
[EndTime "4:54:40 PDT"]
[Termination "RockTroll won by checkmate"]

1. Nf3 e6 2. g3 d5 3. Bg2 c6 4.
O-O Bd6 5. d3 Nf6 6. Nbd2 Nbd7 7. e4 dxe4 8. dxe4 O-O 9. Re1 Ne5 10. Nxe5 Bxe5 11. Nc4 Bc7 12. Bg5 h6 13. Bxf6 Qxf6 14. e5 Qe7 15. Be4 Rb8 16. Qh5 b5 17. Ne3 Bb7 18.
Ng4 f5 19. exf6 gxf6 20. Nxh6+ Kh8 21. Nf7+ Kg7 22. Qg6# 1-0

[Event "Live Chess"]
[Site "Chess.com"]
[Date "2023.05.21"]
[Round "-"]
[White "Goblinbasher"]
[Black "MJMykh"]
[Result "0-1"]
[WhiteElo "1213"]
[BlackElo "1159"]
[TimeControl "300"]
[EndTime "4:54:46 PDT"]
[Termination "MJMykh won by resignation"]

1. e4 e5 2. Nc3 Nf6 3. f4 exf4 4.
Nf3 Nc6 5. Bc4 Bb4 6. O-O Bxc3 7. bxc3 d6 8. d4 Bg4 9. e5 Bxf3 10. Qxf3 dxe5 11.
Re1 e4 12. Qxf4 O-O 13. Rf1 a6 14. Ba3 Re8 15. Qe3 Na5 16. Bb3 Nxb3 17. cxb3 b5 18. Rae1 Nd5 19. Qg3 e3 20. Bc1 Nxc3 21. Rxe3 Rxe3 22.
Qxe3 Nd5 23. Qf2 Nc3 24. Qxf7+ Kh8 25. Bb2 Ne2+ 26. Kh1 Nxd4 27. Rd1 c5 28. b4 Qf8 29. Rf1 Qxf7 30. Rxf7 Kg8 31. Rd7 Ne6 32. g3 cxb4 33. h4 Rf8 34. Kg2 Rf7 35. Rd5 Nc7 36. Rd8+ Rf8 37.
Rxf8+ Kxf8 38. Kf3 Nd5 39. g4 Nc3 40. a3 Nd1 41.
Ba1 bxa3 42. Ke4 b4 43. Kd3 b3 44. Kc4 b2 45. Bxb2 axb2 0-1

[Event "Live Chess"]
[Site "Chess.com"]
[Date "2023.05.21"]
[Round "-"]
[White "mattihelenius2"]
[Black "Long1968"]
[Result "0-1"]
[WhiteElo "491"]
[BlackElo "960"]
[TimeControl "300"]
[EndTime "4:55:00 PDT"]
[Termination "Long1968 won by checkmate"]

1. d4 c5 2. e4 cxd4 3. Qxd4 Nc6 4. Qd1 Nf6 5. Nc3 g6 6. Bg5 Bg7 7. Nf3 O-O 8. Bd3 h6 9. Bxf6 Bxf6 10. O-O Ne5 11. Nd5 Bg7 12. Qd2 Nxf3+ 13. gxf3 e6 14. Nf4 Bxb2 15. Rae1 Qc7 16. Qb4 Bc3 17. Qb3 Bxe1 18.
Rxe1 Qxf4 19. Kf1 Qxf3 20. Be2 Qh1# 0-1

[Event "Live Chess"]
[Site "Chess.com"]
[Date "2023.05.21"]
[Round "-"]
[White "LiamBellwood"]
[Black "EdenHazard8"]
[Result "1-0"]
[WhiteElo "1909"]
[BlackElo "1922"]
[TimeControl "300"]
[EndTime "4:55:11 PDT"]
[Termination "LiamBellwood won by resignation"]

1. d4 Nf6 2. Nc3 g6 3. Bf4 Bg7 4. Qd2 d5 5. e3 O-O 6. Nf3 c5 7. Nb5 Ne4 8. Qd1 Na6 9. a4 Re8 10.
c3 cxd4 11. exd4 Bg4 12. Be2 Bxf3 13. Bxf3 e5 14. dxe5 Bxe5 15. Bxe5 Rxe5 16. O-O Nac5 17. Qd4 Qe7 18. Rad1 Nb3 19. Qd3 Nbc5 20. Qd4 Nb3 21.
Qd3 Nbc5 22. Qc2 Rc8 23. Nxa7 Rc7 24. Nb5 Rc8 25. Rfe1 Qh4 26. g3 Qf6 27. Bg2 Rce8 28. f4 Rf5 29. Bh3 Rh5 30. Bg4 Rh6 31. Rxd5 Qb6 32.
Kg2 f5 33. Bf3 Nd3 34. Rxd3 1-0

[Event "Live Chess"]
[Site "Chess.com"]
[Date "2023.05.21"]
[Round "-"]
[White "Tushinskiy"]
[Black "Berdgross"]
[Result "1-0"]
[WhiteElo "2212"]
[BlackElo "667"]
[TimeControl "300"]
[EndTime "4:55:19 PDT"]
[Termination "Tushinskiy won by resignation"]

1. d4 d5 2. c3 e6 3. Nf3 Nc6 4. Bf4 Nf6 5. Bg3 Bd6 6. Nbd2 O-O 7. Qc2 g6 8. e4 dxe4 9. Nxe4 Nxe4 10. Qxe4 Re8 11. Bd3 f5 12. Qe2 e5 13. dxe5 Bxe5 14. Nxe5 Nxe5 15. Bxe5 Qd5 16. Bc4 Rxe5 17. Bxd5+ Rxd5 18. O-O Bd7 19. Rad1 Rxd1 20. Rxd1 Re8 21. Qc4+ Be6 22.
Qxc7 Bxa2 23. Rd8 Rxd8 24. Qxd8+ Kf7 25. Qc7+ Kf6 26. Qxh7 Bd5 27. f3 Kg5 28. Kf2 f4 29. Qe7+ Kf5 30. Qd7+ Be6 31. Qxb7 Ke5 32. Qxa7 Kd5 33.
Qd4+ Kc6 34. Qxf4 1-0

[Event "Live Chess"]
[Site "Chess.com"]
[Date "2023.05.21"]
[Round "-"]
[White "CheckThis4"]
[Black "YrrriKharkiv"]
[Result "1-0"]
[WhiteElo "2509"]
[BlackElo "2067"]
[TimeControl "300"]
[EndTime "4:55:22 PDT"]
[Termination "CheckThis4 won by resignation"]

1. e4 Nf6 2. e5 Nd5 3. d4 d6 4. c4 Nb6 5. exd6 cxd6 6. Nc3 g6 7.
Be3 Bg7 8. Rc1 O-O 9. b3 Nc6 10. d5 Ne5 11. Be2 Ned7 12. Nf3 Nf6 13. O-O Bg4 14. Nd4 Bxe2 15. Qxe2 a6 16. Rfe1 Nbd7 17. Nf3 Rb8 18. Ba7 Ra8 19. Bd4 Re8 20. Ne4 b5 21.
Neg5 bxc4 22. Nxf7 Kxf7 23. Qe6+ Kf8 24. Ng5 1-0

[Event "Live Chess"]
[Site "Chess.com"]
[Date "2023.05.21"]
[Round "-"]
[White "ViktorTheCoolBoy"]
[Black "zdanevych"]
[Result "1-0"]
[WhiteElo "2477"]
[BlackElo "1549"]
[TimeControl "300"]
[EndTime "4:55:24 PDT"]
[Termination "ViktorTheCoolBoy won by resignation"]

1. d4 d5 2. c4 c6 3. Nf3 a6 4. Qc2 Nf6 5. Bf4 g6 6. e3 Bf5 7. Qb3 dxc4 8. Bxc4 Nd5 9. Qxb7 Nd7 10. Qxc6 Qa5+ 11.
Nbd2 Rd8 12. Qxd5 1-0

[Event "Live Chess"]
[Site "Chess.com"]
[Date "2023.05.21"]
[Round "-"]
[White "diana21strabt"]
[Black "HoarseyHorsey"]
[Result "0-1"]
[WhiteElo "1750"]
[BlackElo "1490"]
[TimeControl "300"]
[EndTime "4:55:27 PDT"]
[Termination "HoarseyHorsey won by resignation"]

1. e4 c5 2. Nf3 e6 3. d4 cxd4 4. Nxd4 Nf6 5. Nc3 Nc6 6. Be3 Bb4 7. Nxc6 bxc6 8. f3 d5 9. exd5 cxd5 10. Bb5+ Bd7 11.
Bxd7+ Qxd7 12. Bd4 Qe7 13. O-O e5 14. Re1 Nd7 15.
Nxd5 Qd6 16. Nxb4 O-O 17. Bxe5 Qb6+ 18. Qd4 Nxe5 19. Rxe5 Qxd4+ 0-1

[Event "Live Chess"]
[Site "Chess.com"]
[Date "2023.05.21"]
[Round "-"]
[White "Mechhead7"]
[Black "mach247"]
[Result "1-0"]
[WhiteElo "1776"]
[BlackElo "1351"]
[TimeControl "300"]
[EndTime "4:55:35 PDT"]
[Termination "Mechhead7 won by resignation"]

1. e4 d5 2. exd5 Qxd5 3. Nc3 Qd8 4. d4 Nf6 5. Nf3 Bg4 6. h3 Bxf3 7. Qxf3 c6 8. Be3 e6 9. O-O-O Bb4 10. Ne4 Nxe4 11. Qxe4 Qd5 12. Qxd5 cxd5 13. a3 Ba5 14. Kb1 Nc6 15.
c4 dxc4 16. Bxc4 O-O 17. d5 exd5 18. Rxd5 Rfd8 19. Rhd1 Rxd5 20. Rxd5 Rc8 21. Rf5 Nd8 22.
Bxf7+ Nxf7 23. Rxa5 a6 24. Rd5 Rc6 25. Rd7 b5 26. Ra7 Ne5 27. Bd4 Nd3 28. Rxg7+ Kf8 29.
Rxh7 Rc1+ 30. Ka2 Rc2 31. Kb3 Rc4 32. Be3 a5 33. Rh5 a4+ 34. Ka2 Rc2 35. Rxb5 Nxf2 36.
Bxf2 Rxf2 37. Rg5 Kf7 38. h4 Kf6 39. g4 Rh2 40. Rf5+ Ke6 41. h5 Rg2 42. Rf4 Ke5 43.
Rxa4 Kf6 44. Rc4 Kg5 45. a4 1-0

[Event "Live Chess"]
[Site "Chess.com"]
[Date "2023.05.21"]
[Round "-"]
[White "WilliamofOrange16th"]
[Black "LiamClery2020"]
[Result "1/2-1/2"]
[WhiteElo "1865"]
[BlackElo "1998"]
[TimeControl "300"]
[EndTime "4:55:47 PDT"]
[Termination "Game drawn by agreement"]

1. e4 Nf6 2. Nc3 e5 3. Nf3 Nc6 4. Bb5 Bb4 5. Nd5 Bc5 6. d3 O-O 7. O-O h6 8. h3 d6 9. c3 Nxd5 10. exd5 Ne7 11. c4 c6 12. dxc6 bxc6 13. Ba4 Bf5 14. Bc2 Ng6 15. Be3 Bxe3 16. fxe3 Be6 17. b3 Nh4 18. Nxh4 Qxh4 19. Qf3 Rac8 20. d4 exd4 21.
exd4 Qxd4+ 22. Kh1 d5 23. Rad1 Qc5 24. Qd3 g6 25.
Qd2 Kg7 26. cxd5 cxd5 27. Bb1 Qc3 28. Qf2 Rc7 1/2-1/2

[Event "Live Chess"]
[Site "Chess.com"]
[Date "2023.05.21"]
[Round "-"]
[White "chessfiction"]
[Black "sup3rm0nk3y"]
[Result "1-0"]
[WhiteElo "2308"]
[BlackElo "1333"]
[TimeControl "300"]
[EndTime "4:55:49 PDT"]
[Termination "chessfiction won by resignation"]

1. e4 c5 2. d4 cxd4 3. c3 dxc3 4. Nxc3 Nc6 5. Bg5 f6 6. Be3 e5 7. Bc4 Bb4 8. Qb3 Bxc3+ 9. bxc3 Nge7 10. Bf7+ Kf8 11.
Bh5 d5 12. exd5 Qxd5 13. Bf3 Qxb3 14. axb3 Bd7 15. Ne2 Kf7 16. O-O Rhd8 17. Bc5 Rac8 18. b4 b6 19. Be3 Rc7 20. Rfd1 Ke8 21. Ng3 g6 22. Ne4 Kf7 23. g4 f5 24. Ng5+ Kg7 25. h4 h6 26. Bxc6 Nxc6 27. Nf3 fxg4 28. Nxe5 Nxe5 29. Bd4 Kf6 30. Re1 Re8 31. Rxe5 Rxe5 32. Re1 1-0

[Event "Live Chess"]
[Site "Chess.com"]
[Date "2023.05.21"]
[Round "-"]
[White "TheSmoulderingMaster"]
[Black "GMHarry-youtube"]
[Result "0-1"]
[WhiteElo "1638"]
[BlackElo "2030"]
[TimeControl "300"]
[EndTime "4:55:56 PDT"]
[Termination "GMHarry-youtube won by resignation"]

1. e4 c5 2. Nf3 d6 3. d4 cxd4 4. Nxd4 Nf6 5. Nc3 g6 6. Be3 Bg7 7. f3 O-O 8. Qd2 Nc6 9. O-O-O d5 10. exd5 Nxd5 11. Nxc6 bxc6 12. Nxd5 cxd5 13. Bd4 e5 14.
Bc5 d4 15. h4 Be6 16. h5 Rc8 17. Bxf8 Qxf8 18. hxg6 hxg6 19. g4 Bxa2 20. Qh2 Qb4 21.
Bd3 e4 22. Bxe4 d3 23. Rxd3 Qxb2+ 24. Kd2 Rxc2+ 0-1

[Event "Live Chess"]
[Site "Chess.com"]
[Date "2023.05.21"]
[Round "-"]
[White "Missedidea"]
[Black "JoshMcK"]
[Result "0-1"]
[WhiteElo "1799"]
[BlackElo "1544"]
[TimeControl "300"]
[EndTime "4:56:02 PDT"]
[Termination "JoshMcK won on time"]

1. d4 d5 2. c4 e6 3. Nc3 Nf6 4. Bg5 dxc4 5. e4 h6 6. Bh4 Be7 7. Bxc4 O-O 8. Nf3 Nc6 9. O-O b6 10. Qd3 Na5 11. Bb5 a6 12. Ba4 b5 13. Bc2 c5 14. e5 c4 15. Qd2 Nd5 16. Bxe7 Nxe7 17.
Ne4 Nac6 18. Nd6 Nf5 19. Bxf5 exf5 20. Rad1 Ne7 21. d5 Ng6 22. Qc3 Nf4 23. Rfe1 a5 24.
Qd4 Ng6 25. Nxb5 Ba6 26. Nd6 Rb8 27. Nxf5 Ne7 28. Nd6 Nc8 29. Nf5 Ne7 30. g4 Nxf5 31. gxf5 Qd7 32. Qf4 Qd8 33. f6 Rxb2 34. Qg3 g6 35. Nh4 Kh7 36. e6 fxe6 37. dxe6 Qxf6 38. Rd7+ Kg8 39. f4 g5 40. f5 Rxa2 41. Ng6 Re8 42. Rf7 Qd4+ 43. Qe3 Qxe3+ 44. Rxe3 Ra1+ 45. Kf2 Ra2+ 0-1

[Event "Live Chess"]
[Site "Chess.com"]
[Date "2023.05.21"]
[Round "-"]
[White "Conradical12"]
[Black "Tilbs_12"]
[Result "1-0"]
[WhiteElo "1579"]
[BlackElo "1576"]
[TimeControl "300"]
[EndTime "4:56:34 PDT"]
[Termination "Conradical12 won by resignation"]

1. e4 c6 2. Nf3 d5 3. exd5 cxd5 4. d4 Nc6 5. c4 Bg4 6. Nc3 Nf6 7. Be2 dxc4 8. O-O Bxf3 9. Bxf3 e6 10. Qa4 Qb6 11. Be3 Qc7 12. Nb5 Qd7 13. Bf4 Rc8 14.
d5 exd5 15. Rae1+ Be7 16. Nd6+ Kd8 17. Nxc8 Kxc8 18. b3 c3 19. b4 Re8 20. b5 Nb8 21. Qxa7 Bd6 22. Rxe8+ Nxe8 23. Bxd6 Qxd6 24. Re1 Nc7 25. b6 Nb5 26. Bg4+ Kd8 27. Qa4 Qxb6 28. Qf4 Qc7 29. Qg5+ f6 30. Qxd5+ Nd7 31. Qg8+ 1-0

[Event "Live Chess"]
[Site "Chess.com"]
[Date "2023.05.21"]
[Round "-"]
[White "DoYouLikeCurry"]
[Black "ossie57"]
[Result "1/2-1/2"]
[WhiteElo "1439"]
[BlackElo "1890"]
[TimeControl "300"]
[EndTime "4:56:35 PDT"]
[Termination "Game drawn by agreement"]

1. e4 d6 2. d4 Nf6 3. Nc3 Nbd7 4. f4 e5 5. fxe5 dxe5 6. dxe5 Nxe5 7. Qxd8+ Kxd8 8. Bg5 Be7 9. O-O-O+ Ke8 10. Nf3 Nxf3 11. gxf3 c6 12. Bxf6 Bxf6 13. Rg1 g6 14. Bc4 Be5 15.
h4 Bf4+ 16. Kb1 b5 17. Bb3 a5 18. a3 h5 19. Rd3 b4 20. Ne2 Bc7 21. Rgd1 bxa3 22.
Ba4 Bb7 23. Rxa3 Rd8 24. Nd4 Ke7 25. Bxc6 Rxd4 26. Rxd4 Bxc6 27. Rc4 Bd6 28. Rxc6 Bxa3 29. bxa3 1/2-1/2

[Event "Live Chess"]
[Site "Chess.com"]
[Date "2023.05.21"]
[Round "-"]
[White "jumush"]
[Black "Brooms1989"]
[Result "1/2-1/2"]
[WhiteElo "1739"]
[BlackElo "1145"]
[TimeControl "300"]
[EndTime "4:56:41 PDT"]
[Termination "Game drawn by repetition"]

1. e4 e5 2. Nc3 Nf6 3. Bc4 Bc5 4.
f4 d6 5. Nf3 O-O 6. d3 Ng4 7.
Qe2 Bf2+ 8. Kd1 Bb6 9. Rf1 Nc6 10.
h3 Nd4 11. Nxd4 exd4 12. Nd5 Ne3+ 13. Nxe3 dxe3 14. Bxe3 Bxe3 15. Qxe3 Bd7 16. c3 b5 17. Bb3 a5 18. a4 bxa4 19. Bxa4 Bxa4+ 20. Rxa4 Re8 21. Kc2 Qd7 22. Rfa1 d5 23. Rxa5 Rxa5 24. Rxa5 dxe4 25. dxe4 Rd8 26. Rd5 Qa4+ 27. Kd2 Rxd5+ 28. exd5 h6 29. g4 Qb3 30. Kc1 Qxd5 31. f5 Qh1+ 32. Kc2 Qh2+ 33.
Kb3 Qd6 34. Qd4 Qa6 35. Qd8+ Kh7 36. Qxc7 Qb5+ 37. Ka2 Qa6+ 38. Kb1 Qf1+ 39. Kc2 Qe2+ 40. Kb3 Qb5+ 41. Kc2 Qe2+ 42. Kb3 Qb5+ 1/2-1/2

[Event "Live Chess"]
[Site "Chess.com"]
[Date "2023.05.21"]
[Round "-"]
[White "YrrriKharkiv"]
[Black "zdanevych"]
[Result "1-0"]
[WhiteElo "2068"]
[BlackElo "1548"]
[TimeControl "300"]
[EndTime "4:56:49 PDT"]
[Termination "YrrriKharkiv won by resignation"]

1. d4 d5 2. Nf3 c5 3. c4 e6 4.
cxd5 exd5 5. Nc3 cxd4 6. Nxd4 Nc6 7. g3 Nf6 8. Bg2 Bg4 9. O-O Bc5 10. Nb3 Bb6 11.
Bg5 O-O 12. Nxd5 Qd6 13. Nxf6+ 1-0

[Event "Live Chess"]
[Site "Chess.com"]
[Date "2023.05.21"]
[Round "-"]
[White "chessfiction"]
[Black "GMHarry-youtube"]
[Result "1-0"]
[WhiteElo "2311"]
[BlackElo "2027"]
[TimeControl "300"]
[EndTime "4:56:50 PDT"]
[Termination "chessfiction won by resignation"]

1. e4 c5 2. d4 cxd4 3. c3 dxc3 4.
Nxc3 Nc6 5. Bg5 e6 6. Bxd8 Kxd8 7.
Nf3 Bb4 8. Ng5 Ke8 9. Bb5 Nge7 10.
O-O a6 11. Bxc6 Nxc6 1-0

[Event "Live Chess"]
[Site "Chess.com"]
[Date "2023.05.21"]
[Round "-"]
[White "fazzik"]
[Black "LiamBellwood"]
[Result "0-1"]
[WhiteElo "612"]
[BlackElo "1909"]
[TimeControl "300"]
[EndTime "4:56:58 PDT"]
[Termination "LiamBellwood won by resignation"]

1. Nc3 e6 2. e4 d5 3. Bd3 Nf6 4. f3 d4 5. Nce2 c5 6. c3 Nc6 7.
Qa4 dxc3 8. Nxc3 Qxd3 9. b3 Bd7 10. Ba3 Nd4 11. Qa5 b6 0-1

[Event "Live Chess"]
[Site "Chess.com"]
[Date "2023.05.21"]
[Round "-"]
[White "domrobson"]
[Black "friarnator"]
[Result "0-1"]
[WhiteElo "1707"]
[BlackElo "2009"]
[TimeControl "300"]
[EndTime "4:57:04 PDT"]
[Termination "friarnator won by resignation"]

1. d4 Nf6 2. c4 e5 3. dxe5 Ng4 4.
Bf4 Nc6 5. Nf3 Bb4+ 6. Nbd2 Qe7 7. e3 Ngxe5 8. Nxe5 Nxe5 9. Be2 d6 10. O-O Bxd2 11.
Qxd2 O-O 12. a3 f6 13. b4 Be6 14. Rac1 Kh8 15. c5 d5 16. Qd4 Ng6 17. Bg3 Rfe8 18. Rfd1 c6 19. Bd6 Qf7 20. e4 Ne7 21. exd5 Bxd5 22.
Bc4 Bxc4 23. Qxc4 Qxc4 24. Rxc4 Nd5 25. Rcc1 a6 26. Rb1 Nc3 0-1

[Event "Live Chess"]
[Site "Chess.com"]
[Date "2023.05.21"]
[Round "-"]
[White "gmnorfolk"]
[Black "DC_NC_11"]
[Result "1-0"]
[WhiteElo "2128"]
[BlackElo "1514"]
[TimeControl "300"]
[EndTime "4:57:04 PDT"]
[Termination "gmnorfolk won by resignation"]

1. d4 Nf6 2. c4 e6 3. Nc3 Be7 4.
e4 c6 5. e5 Ng8 6. f4 d6 7. Nf3 d5 8. Bd3 a6 9. O-O b5 10. cxd5 cxd5 11. a4 bxa4 12. Nxa4 Bb7 13. Bd2 Nc6 14. Qb3 a5 15. Qxb7 Qc8 16. Qxc8+ Rxc8 17. Bb5 Bb4 18. Bxb4 axb4 19. Rfc1 Ne7 20. Nb6 Rc7 21. Ra8+ Nc8 22. Rxc8+ Rxc8 23. Nxc8 O-O 24. Rxc6 f6 25. exf6 gxf6 26. Nd6 Kg7 27. g4 h6 28. Rc7+ Kg6 29. Bd3+ f5 30. Nh4+ 1-0

[Event "Live Chess"]
[Site "Chess.com"]
[Date "2023.05.21"]
[Round "-"]
[White "Shepherds_Pie"]
[Black "Ferrarifan27"]
[Result "0-1"]
[WhiteElo "1947"]
[BlackElo "2083"]
[TimeControl "300"]
[EndTime "4:57:11 PDT"]
[Termination "Ferrarifan27 won by resignation"]

1. c4 Nf6 2. Nc3 e5 3. Nf3 Nc6 4. e3 Bc5 5. Qc2 O-O 6. a3 e4 7. Nxe4 Nxe4 8. Qxe4 Re8 9. Qd5 Be7 10. Qh5 d6 11.
Bd3 g6 12. Qh6 Bf6 13. h4 Bg4 14. Ng5 Bxg5 15. hxg5 Ne5 16. Qxh7+ Kf8 17. Qh8+ Ke7 18. Qf6+ Kd7 19. Be4 Qxf6 20. gxf6 Nxc4 21. Bd5 Be6 22.
Bxc4 Bxc4 23. b4 Rh8 24. Rxh8 Rxh8 25. f4 Rh1+ 26. Kf2 Rd1 27. d4 Ke6 28. Kg3 Kxf6 29. Bb2 Rd3 30. Re1 Rb3 31. Ba1 Rxa3 32. Kh2 Rb3 33.
e4 Rxb4 34. d5+ Ke7 35. e5 Bxd5 36. exd6+ Kxd6 37. Be5+ Kd7 38. Bf6 Be6 39. Rd1+ Kc6 40. g3 a5 41. Rc1+ Rc4 42. Ra1 a4 43. Kg2 b5 44. Kf2 Kb6 45. Ke3 c5 46. Kd3 Rb4 47.
Bd8+ Kc6 48. Rc1 Rb3+ 49. Kd2 Rxg3 50. Be7 c4 0-1

[Event "Live Chess"]
[Site "Chess.com"]
[Date "2023.05.21"]
[Round "-"]
[White "luckywookie"]
[Black "ranvir123"]
[Result "0-1"]
[WhiteElo "767"]
[BlackElo "978"]
[TimeControl "300"]
[EndTime "4:57:12 PDT"]
[Termination "ranvir123 won by checkmate"]

1. e4 e5 2. Nf3 Nc6 3. c3 d5 4. exd5 Qxd5 5. d3 Bg4 6. Be2 Nf6 7. c4 Qd7 8. Nxe5 Nxe5 9. d4 Bxe2 10. Qxe2 Qxd4 11.
O-O O-O-O 12. Rd1 Qxd1+ 13. Qxd1 Rxd1# 0-1

[Event "Live Chess"]
[Site "Chess.com"]
[Date "2023.05.21"]
[Round "-"]
[White "defenderalist"]
[Black "Duke_of_Bebington"]
[Result "0-1"]
[WhiteElo "1661"]
[BlackElo "1584"]
[TimeControl "300"]
[EndTime "4:57:25 PDT"]
[Termination "Duke_of_Bebington won by resignation"]

1. e4 e5 2. Nf3 Nf6 3. Nc3 Nc6 4.
Bc4 Nxe4 5. Nxe4 d5 6. Bb5 dxe4 7. Nxe5 Bd7 8. Nxd7 Qxd7 9. Qe2 f5 10. O-O O-O-O 11. d3 exd3 12. Bxd3 g6 13. a3 Bg7 14. c3 Rhe8 15. Be3 Qxd3 16. Qf3 Ne5 17. Qf4 Nc4 18.
b3 Nxe3 19. fxe3 Qxe3+ 0-1

[Event "Live Chess"]
[Site "Chess.com"]
[Date "2023.05.21"]
[Round "-"]
[White "Nakula1000"]
[Black "JanMur7"]
[Result "1-0"]
[WhiteElo "873"]
[BlackElo "1960"]
[TimeControl "300"]
[EndTime "4:57:37 PDT"]
[Termination "Nakula1000 won by resignation"]

1. e4 e5 2. Ke2 Qh4 3. d3 Nf6 4. Nf3 Qh5 5. g4 Qxg4 6. Rg1 Qe6 7. c3 h6 8. c4 Nc6 9. Nc3 Nd4+ 10. Ke1 Bb4 11. Rxg7 Rg8 12. Bxh6 Rxg7 13. Bxg7 Nh5 14. Nxd4 exd4 15. Qxh5 d6 16. Qh8+ Kd7 17. Bh3 1-0

[Event "Live Chess"]
[Site "Chess.com"]
[Date "2023.05.21"]
[Round "-"]
[White "JoeyCage"]
[Black "ameetghasi100"]
[Result "0-1"]
[WhiteElo "2292"]
[BlackElo "2601"]
[TimeControl "300"]
[EndTime "4:57:42 PDT"]
[Termination "ameetghasi100 won on time"]

1. e4 c5 2. Nf3 Nc6 3. d4 cxd4 4.
Nxd4 Qb6 5. Nb3 e6 6. Nc3 a6 7.
Be3 Qc7 8. Be2 b5 9. O-O Bb7 10.
f4 Nf6 11. Bf3 h5 12. h3 b4 13. Ne2 Ne7 14. e5 Nfd5 15. Bd2 Nf5 16. Qc1 a5 17. c4 bxc3 18. Nxc3 Nb4 19. Ne4 Qb6+ 20. Kh2 a4 21. Bxb4 Bxb4 22. Nbd2 Rc8 23. Nc4 Qa6 24. b3 O-O 25. Rd1 Bd5 26. Ng5 Bxc4 27. bxc4 Rxc4 28. Qb2 Rxf4 29. Bxh5 Qa5 30. Rac1 Be7 31. Nf3 a3 32. Qd2 Qxd2 33. Rxd2 d6 34. Bg4 dxe5 35. Nxe5 Bg5 36. Rcc2 Ne3 37. Nf3 Nxg4+ 38. hxg4 Rxf3 39. gxf3 Bxd2 40.
Rxd2 Rb8 41. Kg3 Rb2 42. Rd8+ Kh7 43. Rd7 Kg6 44. Ra7 Rxa2 45. Ra5 Ra1 46. f4 a2 47. Kg2 Kf6 48. Ra3 Ke7 49. Ra7+ Kd6 50. Ra5 Kc6 51. g5 Kb6 52. Ra8 Kc5 53. Ra4 Kb5 54. Ra8 Kc4 55.
Kh2 Kd3 56. Kg2 Ke4 57. Ra4+ Kf5 58. Kh2 Kg4 59. Kg2 Re1 60. Rxa2 Re4 61. g6 fxg6 62. Ra7 Rxf4 63. Rxg7 g5 64. Re7 Re4 65. Rf7 Ra4 66.
Kf2 Ra3 67. Rf6 Ra2+ 68. Ke3 Ra6 69. Ke4 Kg3 70. Rg6 g4 0-1

[Event "Live Chess"]
[Site "Chess.com"]
[Date "2023.05.21"]
[Round "-"]
[White "EdenHazard8"]
[Black "mattihelenius2"]
[Result "1-0"]
[WhiteElo "1922"]
[BlackElo "491"]
[TimeControl "300"]
[EndTime "4:57:58 PDT"]
[Termination "EdenHazard8 won by resignation"]

1. e4 e5 2. Qh5 Qf6 3. Bc4 d5 4.
Bxd5 Nc6 5. Nf3 Be6 6. Bxc6+ bxc6 7. Qxe5 Qxe5 8. Nxe5 Nf6 9. d3 Bb4+ 10. c3 Bd6 11. Nxc6 Ng4 12. h3 Ne5 13. Nxe5 Bxe5 14. f4 Bxf4 15. Bxf4 Rd8 16. Bxc7 Rd7 17. Bf4 O-O 18.
d4 h6 19. Nd2 a5 20. O-O Rb7 21. d5 Bd7 22. Nc4 Bb5 23. Nd6 Rd7 24. Nxb5 1-0

[Event "Live Chess"]
[Site "Chess.com"]
[Date "2023.05.21"]
[Round "-"]
[White "gmnorfolk"]
[Black "friarnator"]
[Result "0-1"]
[WhiteElo "2117"]
[BlackElo "2020"]
[TimeControl "300"]
[EndTime "4:58:11 PDT"]
[Termination "friarnator won by resignation"]

1. d4 Nf6 2. c4 e6 3. Nc3 Bb4 4. e3 O-O 5. Ne2 d5 6. a3 Be7 7. cxd5 exd5 8. Ng3 c6 9. Bd3 a5 10. O-O Be6 11. Bd2 Re8 12. Rc1 Nbd7 13. f3 Nf8 14. e4 dxe4 15. fxe4 Qxd4+ 0-1

[Event "Live Chess"]
[Site "Chess.com"]
[Date "2023.05.21"]
[Round "-"]
[White "Biranidun"]
[Black "GEMdzq"]
[Result "1-0"]
[WhiteElo "2517"]
[BlackElo "2285"]
[TimeControl "300"]
[EndTime "4:58:23 PDT"]
[Termination "Biranidun won by resignation"]

1. e4 d6 2. d4 Nf6 3. Nc3 g6 4. f4 Bg7 5. Bd3 O-O 6. Nf3 Na6 7. Be3 Nd7 8. h4 c5 9. d5 Nf6 10.
Qe2 Nc7 11. a4 e6 12. dxe6 Bxe6 13. f5 Bd7 14. Bf4 Bc6 15. O-O-O Nh5 16. Bg5 Qe8 17. Qd2 Ng3 18. Rh3 Nxe4 19. Bxe4 Bxe4 20. f6 Bh8 21. Qxd6 Bf5 22. Rhh1 Qc6 23. Qxc6 bxc6 24. Ne5 h6 25. Nxc6 Rfe8 26. Bf4 Ne6 27. Be5 Nd4 28. Nxd4 Rxe5 29. Nc6 Re6 30. Ne7+ Kf8 31. Nxf5 gxf5 32. Rhf1 Bxf6 33.
Rxf5 Bxh4 34. Rxc5 Bg5+ 35. Kb1 Rb8 36. Rd7 Re1+ 37.
Ka2 Rc1 38. Ne4 Bf4 39. Rf5 Rxc2 40. Rfxf7+ 1-0

[Event "Live Chess"]
[Site "Chess.com"]
[Date "2023.05.21"]
[Round "-"]
[White "GMHarry-youtube"]
[Black "fazzik"]
[Result "1-0"]
[WhiteElo "2027"]
[BlackElo "612"]
[TimeControl "300"]
[EndTime "4:58:35 PDT"]
[Termination "GMHarry-youtube won by resignation"]

1. e4 e6 2. d3 d5 3. e5 f6 4. d4 Be7 5. Nf3 Nc6 6. c3 b6 7. Bb5 Bb7 8. Qa4 Qd7 9. exf6 Bxf6 10. Bg5 h6 11. Bxf6 Nxf6 12. Ne5 Qe7 13. Nxc6 1-0

[Event "Live Chess"]
[Site "Chess.com"]
[Date "2023.05.21"]
[Round "-"]
[White "OleksiyJr1"]
[Black "Leonid_Starozhilov"]
[Result "0-1"]
[WhiteElo "1005"]
[BlackElo "2633"]
[TimeControl "300"]
[EndTime "4:58:36 PDT"]
[Termination "Leonid_Starozhilov won by resignation"]

1. e4 c6 2. Nf3 d5 3. e5 Bg4 4. d4 e6 5. h3 Bh5 6. Be2 c5 7. c3 Nc6 8. Nbd2 Qb6 9. O-O cxd4 10. Nxd4 Bxe2 11. Qxe2 Nh6 12. N2f3 Bc5 13. Rd1 Bxd4 14. Nxd4 Nxd4 15. cxd4 Nf5 16. b3 O-O 17. Be3 Rac8 18.
Rac1 Rc6 19. g4 Nxe3 20. Qxe3 Rfc8 21. f4 h6 22. Kf2 Rc2+ 23. Rxc2 Rxc2+ 24. Rd2 Qc7 25. Qd3 Rc3 26. Qe2 Rxh3 27. Rd3 Rh2+ 0-1